 Dungeon Crawl Stone Soup version 0.26.0-10-g1f06aea511 (webtiles) character file.

Game seed: 2117665697487538306

546 vatarom the Poker (level 7, 0/56 HPs)
             Began as a Demonspawn Abyssal Knight on Jan 15, 2021.
             Was a Priest of Lugonu.
             Succumbed to a gnoll sergeant's poison
             ... on level 5 of the Dungeon.
             The game lasted 00:06:54 (4611 turns).

vatarom the Poker (Demonspawn Abyssal Knight)       Turns: 4611, Time: 00:06:55

Health: 0/56       AC:  6    Str: 15    XL:     7   Next: 6%
Magic:  9/9        EV: 11    Int: 13    God:    Lugonu [***...]
Gold:   280        SH:  0    Dex:  9    Spells: 6/6 levels left

rFire    . . .     SeeInvis +   e - +1 halberd
rCold    . . .     Faith    +   (shield currently unavailable)
rNeg     . . .     Spirit   +   i - +1 leather armour "Meiphext" {Will+ Dex-3 SInv}
rPois    .         Reflect  .   (no helmet)
rElec    .         Harm     .   (no cloak)
rCorr    .         Rampage  .   (no gloves)
Will     +....                  (no boots)
Stlth    +.........             j - amulet of faith
HPRegen  0.18/turn              (no ring)
MPRegen  0.22/turn              (no ring)

@: mighty, lethally poisoned (0 -> -17), berserk cooldown, slowed, very slow
A: talons 1, molten scales 1, magic shield, magic regeneration
a: Renounce Religion, Depart the Abyss, Bend Space, Banish


You were on level 5 of the Dungeon.
You worshipped Lugonu.
Lugonu was most pleased with you.
You visited 1 branch of the dungeon, and saw 5 of its levels.
You visited the Abyss 1 time.

You collected 280 gold pieces.

Inventory:

Hand Weapons
 e - a +1 halberd (weapon)
Armour
 f - a +0 buckler
 i - the +1 leather armour "Meiphext" (worn) {Will+ Dex-3 SInv}
   (You found it on level 4 of the Dungeon)

   It affects your dexterity (-3).
   It affects your willpower, your defense against some magical effects.
   It lets you see invisible.
Jewellery
 j - an amulet of faith (around neck)
Scrolls
 a - a scroll of amnesia
 d - 4 scrolls of remove curse {@r2}
 g - a scroll of immolation


   Skills:
 + Level 5.0 Fighting
 * Level 5.6 Polearms
 - Level 1.7 Armour
 - Level 0.8 Dodging
 - Level 3.6 Invocations


You had 6 spell levels left.
You didn't know any spells.
Your spell library was empty.

Dungeon Overview and Level Annotations

Branches:
Dungeon (5/15)             Temple (0/1) D:4

Altars:
Okawaru

Shops:
D:4 ?:

Annotations:
D:4 Dowan, Duvessa


Innate Abilities, Weirdness & Mutations

You have sharp toenails.
You are partially covered in molten scales. (AC +2)
When hurt, damage is shared between your health and your magic reserves.
You regenerate magic rapidly.


Message History

* * * LOW HITPOINT WARNING * * *
Items here: )) ††.
Unknown command.
You aren't carrying any potions.
You are too confused!
You feel less invigorated.
You feel less confused.
* * * LOW HITPOINT WARNING * * *
You feel very sick. The gnoll barely misses you.
Things that are here:
a +2 spear of venom; a +0 scale mail; a gnoll corpse You slash the gnoll!
You kill the gnoll!
Lugonu accepts your kill.
You can now banish your foes.
* * * LOW HITPOINT WARNING * * *
You feel very sick.
* * * LOW HITPOINT WARNING * * *
You feel sick.
You die...

..# #.#
##.######.#
#.# #.#
##...##... #
#.##
###.....#†##.#
....
#............#
####
#.#.....#)#..#
# #.##...#..#
# # ##.##)## #
#.##)##..###
#...@.......
#........###
#.##.#...# #..
#.#..## >..
.....# ### #..
.. ### .##


There were no monsters in sight!

Vanquished Creatures
  A gnoll sergeant (D:5)
  A scorpion (D:4)
  2 howler monkeys (D:5)
  A hound (D:2)
  A gnoll shaman (D:5)
  2 worker ants
  10 gnolls
  5 adders
  An ooze (D:2)
  An adder skeleton (D:5)
  3 worms (D:2)
  4 dart slugs
  4 leopard geckos
  5 orcs
  A ball python (D:3)
  9 bats
  5 giant cockroaches
  7 goblins
  7 hobgoblins
  10 jackals
  A quokka (D:5)
  5 frilled lizards
  7 kobolds
  8 rats
101 creatures vanquished.

Notes
Turn   | Place    | Note
-------+----------+-------------------------------------------
     0 | Abyss:1  | vatarom the Demonspawn Abyssal Knight began the quest for
                  | the Orb.
     0 | Abyss:1  | Reached XP level 1. HP: 18/18 MP: 2/2
    40 | Abyss:1  | Noticed a large abomination
    46 | Abyss:1  | Noticed an orange demon
    48 | Abyss:1  | Noticed an Executioner
    51 | D:1      | Escaped the Abyss
   308 | D:1      | Gained mutation: When hurt, damage is shared between your
                  | health and your magic reserves. [demonic ancestry]
   308 | D:1      | Reached XP level 2. HP: 15/24 MP: 3/3
   608 | D:1      | Reached * piety under Lugonu
   645 | D:1      | Gained mutation: You are partially covered in molten
                  | scales. (AC +2) [demonic ancestry]
   645 | D:1      | Reached XP level 3. HP: 28/29 MP: 4/4
  1421 | D:2      | Gained mutation: You have sharp toenails. [demonic
                  | ancestry]
  1421 | D:2      | Reached XP level 4. HP: 28/37 MP: 5/5
  1559 | D:2      | Found an iron altar of Okawaru.
  1674 | D:2      | Reached ** piety under Lugonu
  2215 | D:3      | Reached XP level 5. HP: 42/42 MP: 7/7
  3160 | D:4      | Found Kuehicimn's Book Boutique.
  3177 | D:4      | Noticed Duvessa
  3178 | D:4      | Noticed Dowan
  3201 | D:4      | Found a staircase to the Ecumenical Temple.
  3201 | D:4      | Found Wicragil's Magic Scroll Boutique.
  3201 | D:4      | Noticed an ogre
  3598 | D:4      | Got a twisted leather armour
  3609 | D:4      | Identified the +1 leather armour "Meiphext" {Will+ Dex-3
                  | SInv} (You found it on level 4 of the Dungeon)
  3848 | D:5      | Entered Level 5 of the Dungeon
  3930 | D:5      | Reached XP level 6. HP: 37/49 MP: 5/8
  4266 | D:5      | Reached skill level 5 in Polearms
  4605 | D:5      | Reached skill level 5 in Fighting
  4605 | D:5      | Gained mutation: You regenerate magic rapidly. [demonic
                  | ancestry]
  4605 | D:5      | Reached XP level 7. HP: 13/56 MP: 9/9
  4609 | D:5      | Reached *** piety under Lugonu
  4610 | D:5      | HP: 2/56 [poisoned by a gnoll sergeant]
  4611 | D:5      | Succumbed to a gnoll sergeant's poison

Illustrated notes

Levels and vault maps discovered:
D:1:      saegor_arrival_miasma, layout_basic
D:2:      minmay_diamond_boxcup, layout_loops_cross, okawaru_ov_weapons_minmay
D:3:      cheibrodos_old_hovel, layout_loops_cross, bh_walls_and_bars
D:4:      gammafunk_wand_slinger, layout_loops_ring, minmay_temple_entry_tees,
          serial_shops, shop, shop, kennysheep_mini, kennysheep_mini_moat,
          minmay_shop_enchanted_jewellery, uniq_crazy_yiuf_cottage,
          uniq_duvessa, uniq_blork_the_orc
D:5:      layout_loops_ring, cheibrodos_sewer_entry_bend

Skill      XL: |  1  2  3  4  5  6 |
---------------+-------------------+-----
Polearms       | 2 3 4 5 |  5.6
Fighting       | 4 5 |  5.0
Invocations    | 3 |  3.6
Armour         | |  1.7
Dodging        | |  0.8

Action                   |  1- 3 |  4- 6 |  7- 9 || total
-------------------------+-------+-------+-------++-------
Melee: Spear             |    28 |       |       ||    28
       Halberd           |   102 |   193 |     1 ||   296
       Kick              |       |    30 |       ||    30
Invok: Depart the Abyss  |     1 |       |       ||     1
  Use: Scroll            |     1 |     8 |       ||     9
       Potion            |       |     6 |       ||     6
 Stab: Sleeping          |       |     4 |       ||     4
Armor: Leather armour    |    46 |    57 |       ||   103
Dodge: Dodged            |    83 |   111 |     1 ||   195
